cohdb
Replays
Latest Replays
All Replays
Popular Replays
Top Player Replays
Match Explorer
How It Works
Community
CoH3 Stats
Reddit
Sign in to upload your games and track your stats! →
Sign in with Steam
Match 42435824
Unlisted
Match 42435824
Overview
Messages
Build Orders
End
Kettenkrad Recon Vehicle
Construct Infanterie Kompanie
MG 42 Machine Gun Team
Selects Terror Battlegroup
Selects Machine Gun Camouflage
GrW 34 Mortar Team
Medical Station
Grenadier Squad
Construct Panzergrenadier Kompanie
Selects Contempt for the Weak
MG 42 Machine Gun Team
Support Elements
Nebelwerfer 42 Rocket Launcher Team
Pak 40 Anti-tank Gun Team
Construct Panzer Kompanie
Selects Jericho Trumpet
Stoßtruppen Squad
Selects V1 Rocket Strike
Sturmpanzer IV Brummbär
Jericho Trumpet
Sturmpanzer IV Brummbär
Side Skirts
V1 Rocket Strike
Nukepapa
Fajolada
Peter
Tienmu
0
0
Comments
sign in to comment!
No comments posted yet!